 Dungeon Crawl Stone Soup version 0.28.0 (webtiles) character file.

Game seed: 17623110087589330682

69717 dolemite99 the Severer (level 15, 0/139 HPs)
             Began as a Hill Orc Monk on Feb 8, 2022.
             Was an Elder of Makhleb.
             Killed by drain life
             ... invoked by a soul eater
              (20 damage)
             ... on level 2 of the Abyss on Feb 9, 2022.
             The game lasted 00:44:06 (38858 turns).

dolemite99 the Severer (Hill Orc Monk)             Turns: 38858, Time: 00:44:07

Health: 0/139      AC: 23    Str: 22      XL:     15   Next: 30%
Magic:  23/23      EV:  7    Int:  9 (10) God:    Makhleb [****..]
Gold:   1231       SH:  5    Dex: 12 (13) Spells: 14/14 levels left

rFire   . . .      SeeInvis .   a - +1 broad axe
rCold   . . .      Faith    +   v - +0 buckler
rNeg    . . .      Spirit   .   h - +0 plate armour
rPois   +          Reflect  .   K - +0 helmet
rElec   .          Harm     .   j - +0 cloak
rCorr   .          Rampage  .   B - +2 pair of gloves of Complete Protection {Will+}
Will    +++..                   k - +0 pair of boots
Stlth   ..........              V - amulet of faith
HPRegen 0.00/turn               T - ring of willpower
MPRegen 0.18/turn               z - ring of poison resistance {=R}

@: inhibited regen
A: inhibited regeneration
a: Renounce Religion, Minor Destruction, Lesser Servant of Makhleb, Major
Destruction


You were on level 2 of the Abyss.
You worshipped Makhleb.
Makhleb was greatly pleased with you.
You visited 2 branches of the dungeon, and saw 18 of its levels.
You visited the Abyss 1 time.

You collected 1339 gold pieces.
You spent 108 gold pieces at shops.

Inventory:

Hand Weapons
 a - a +1 broad axe (weapon)
 b - a +3 vorpal hunting sling
 g - a +2 hand axe of draining
 w - the +2 short sword "Umiziapo" {vorpal, rElec rPois Will++}
   (You found it on level 4 of the Dungeon)

   It inflicts extra damage upon your enemies.
   rElec:     It insulates you from electricity.
   rPois:     It protects you from poison.
   Will:      It greatly increases your willpower.
 C - a +2 vampiric trident
 F - a +2 flail
 I - a +4 shortbow of freezing
 O - a +3 war axe
 Q - a +0 trident of flaming
Missiles
 c - 491 stones
 e - 5 throwing nets
 l - 256 arrows
 o - 121 bolts
 r - 2 silver javelins
 u - 3 curare-tipped darts (quivered)
 x - 8 boomerangs
 E - 129 sling bullets
 M - 37 poisoned darts
Armour
 h - a +0 plate armour (worn)
 i - a +0 leather armour
 j - a +0 cloak (worn)
 k - a +0 pair of boots (worn)
 v - a +0 buckler (worn)
 y - an orb of energy
 A - a +1 ring mail of fire resistance
 B - the +2 pair of gloves of Complete Protection (worn) {Will+}
   (You acquired it on level 6 of the Dungeon)

   Will:      It increases your willpower.
 K - a +0 helmet (worn)
 S - a +0 pair of gloves
Jewellery
 d - an amulet of magic regeneration
 n - a ring of resist corrosion
 z - a ring of poison resistance (right hand) {=R}
 T - a ring of willpower (left hand)
 V - an amulet of faith (around neck)
Wands
 s - a wand of polymorph (23)
Scrolls
 f - 2 scrolls of fog
 t - 3 scrolls of teleportation
 D - 4 scrolls of torment
 H - 9 scrolls of identify {@r1}
 L - 4 scrolls of amnesia
 U - a scroll of fear
 W - 3 scrolls of vulnerability
 X - 3 scrolls of silence
Potions
 p - a potion of resistance {unknown}
 q - 6 potions of cancellation
 G - a potion of ambrosia
 J - 2 potions of flight
 N - a potion of brilliance
 R - 2 potions of attraction
 Y - 2 potions of might
 Z - a potion of magic


   Skills:
 - Level 14.7 Fighting
 - Level 18.0 Axes
 + Level 7.4 Slings
 - Level 4.0 Bows
 - Level 12.5 Armour
 - Level 2.4 Dodging
 - Level 1.5 Stealth
 - Level 4.0 Shields
 - Level 11.0 Invocations
 - Level 9.8 Evocations


You had 14 spell levels left.
You didn't know any spells.
Your spell library contained the following spells:

 Spells                   Type           Power      Damage    Failure   Level
 Animate Skeleton         Necr           0%         N/A       99%         1
 Freeze                   Ice            0%         1d3       99%         1
 Magic Dart               Conj           0%         1d3       99%         1
 Pain                     Necr           0%         1d4       99%         1
 Call Imp                 Summ           0%         N/A       100%        2
 Scorch                   Fire           0%         2d5       100%        2
 Frozen Ramparts          Ice            0%         1d2       100%        3
 Gell's Gravitas          Tloc           0%         N/A       100%        3
 Lesser Beckoning         Tloc           0%         N/A       100%        3
 Mephitic Cloud           Conj/Pois/Air  0%         N/A       100%        3
 Stone Arrow              Conj/Erth      0%         3d7       100%        3
 Summon Guardian Golem    Hex/Summ       0%         N/A       100%        3
 Teleport Other           Tloc           0%         N/A       100%        3
 Vampiric Draining        Necr           0%         2d6       100%        3
 Animate Armour           Summ/Erth      0%         N/A       100%        4
 Flame Wave               Conj/Fire      0%         2d4       100%        4
 Hailstorm                Conj/Ice       0%         3d3       100%        4
 Summon Ice Beast         Ice/Summ       0%         N/A       100%        4
 Blade Hands              Tmut           0%         N/A       100%        5
 Irradiate                Conj/Tmut      0%         3d13      100%        5
 Summon Mana Viper        Hex/Summ       0%         N/A       100%        5
 Summon Cactus Giant      Summ           0%         N/A       100%        6
 Dragon Form              Tmut           0%         N/A       100%        7
 Monstrous Menagerie      Summ           0%         N/A       100%        7
 Orb of Destruction       Conj           0%         9d5       100%        7
 Spellforged Servitor     Conj/Summ      0%         N/A       100%        7
 Lehudib's Crystal Spear  Conj/Erth      0%         10d2      100%        8
 Chain Lightning          Conj/Air       0%         N/A       100%        9
 Fire Storm               Conj/Fire      0%         5d1       100%        9
 Shatter                  Erth           0%         3d5*      100%        9


Dungeon Overview and Level Annotations

Branches:
Dungeon (12/15)            Temple (0/1) D:7            Lair (6/6) D:11
 Spider (0/4) Lair:4        Slime (0/5) Lair:5          Orc (0/2) D:12
  Swamp: Lair:2-4    Shoals: Lair:2-4

Altars:
Gozag
Makhleb
Okawaru
Xom

Shops:
D:1 [   D:2 [

Annotations:
D:2 exclusion: downstairs
D:3 3 runed translucent doors, Anonymone's ghost, weakling DsGl
D:12 2 transporters, Frances
Lair:2 swamp here, 2 exclusions
Lair:3 exclusion: downstairs


Innate Abilities, Weirdness & Mutations

You do not regenerate when monsters are visible.


Message History

The starspawn's tentacles wither and die.
Found a gateway leading deeper into the Abyss.
A sixfirhy comes into view.
A wretched star comes into view.
The wretched star glows turbulently.
You block the lance of force.
A smoke demon comes into view.
The wretched star glows turbulently.
You block the lance of force.
The smoke demon roars!
The sixfirhy hits you but does no damage.
The sixfirhy hits you. The sixfirhy shocks you!
The smoke demon hits you but does no damage.
You block the smoke demon's attack.
The smoke demon hits you but does no damage.
The wretched star glows turbulently.
The lance of force hits you!!
You are knocked back by the lance of force.
You collide with the smoke demon!
The smoke demon is heavily wounded.
The sixfirhy hits you but does no damage.
The smoke demon barely misses you. x2
The smoke demon hits you but does no damage.
The wretched star glows turbulently.
The lance of force hits you!
* * * LOW HITPOINT WARNING * * *
You are knocked back by the lance of force.
You slam into the rock wall!
* * * LOW HITPOINT WARNING * * *
A soul eater comes into view.
The soul eater hits you!
* * * LOW HITPOINT WARNING * * *
You hit the soul eater but do no damage.
You hit the smoke demon.
You hit the wretched star but do no damage.
The smoke demon hits you but does no damage.
You block the smoke demon's attack.
The smoke demon hits you but does no damage.
The soul eater draws from the surrounding life force!
You die...

#.# .## #.# ...
#.####.###
#......... #
##...#.#.#
#.###.#...##.
###....3.......
.......3*#.#.##
#######@###.##
#.3....##
#...#..## #....
#.# #..### #.
#..# #. ### ..
.#


You could see a wretched star, a soul eater, a sixfirhy and a smoke demon.

Vanquished Creatures
  A tentacled starspawn (Abyss:2)
  Kirke (D:11)
  A boulder beetle (D:12)
  A catoblepas (Lair:4)
  5 hydras
  A merfolk avatar (Lair:6)
  3 two-headed ogres
  3 death yaks
  A sea snake (Lair:6)
  2 lindwurms
  A bog body (Lair:2)
  Maurice (D:11)
  A manticore (Lair:6)
  22 elephants
  3 black mambas
  12 cane toads
  2 gargoyles
  2 torpor snails
  10 komodo dragons
  An unseen horror (D:10)
  A rime drake (Lair:6)
  2 kobold demonologists (D:11)
  A troll (D:12)
  2 hornets (Lair:6)
  5 polar bears (Lair:6)
  A wind drake (Lair:6)
  2 snapping turtles (Lair:6)
  13 blink frogs
  10 dream sheep
  2 jumping spiders (Lair:4)
  A shadow (D:11)
  3 wraiths
  45 yaks
  4 basilisks
  2 hogs (D:11)
  A redback (Lair:4)
  Menkaure (D:5)
  2 acid dragons
  A swamp worm (Lair:2)
  A large abomination (Abyss:2)
  Duvessa (D:5)
  11 water moccasins
  12 orc warriors
  2 black bears (Lair:4)
  A sky beast (D:8)
  9 ogres
  3 centaurs
  18 wolves
  An ice beast (D:7)
  9 bullfrogs
  2 wyvern zombies
  4 kobold brigands
  7 scorpions
  4 gnoll sergeants
  2 water moccasin zombies (D:6)
  Dowan (D:5)
  A water moccasin skeleton (D:6)
  5 wights (D:8)
  2 electric eels
  2 howler monkeys
  7 centaur zombies
  A bullfrog zombie (D:5)
  6 orc priests
  Crazy Yiuf (D:7)
  2 hounds
  4 jellies (Lair:5)
  3 iguanas
  10 orc wizards
  2 hell rats (Lair:2)
  4 killer bee zombies
  20 gnolls
  2 howler monkey zombies
  6 adders
  12 river rats (Lair:2)
  An ufetubus (D:5)
  An adder skeleton (D:4)
  A worm (D:4)
  3 dart slugs
  27 orcs
  3 bats
  10 endoplasms
  3 giant cockroaches
  7 goblins
  9 hobgoblins
  4 jackals (D:3)
  2 quokkas
  2 ball pythons
  3 frilled lizards
  11 kobolds
  11 rats
449 creatures vanquished.

Vanquished Creatures (collateral kills)
  Harold (D:7)
  A catoblepas (Lair:3)
  2 two-headed ogres
  A centaur warrior (D:10)
  7 death yaks
  A tengu warrior (D:10)
  Nergalle (D:10)
  A cyclops (D:7)
  A torpor snail (Lair:3)
  Joseph (D:7)
  A black mamba (Lair:1)
  2 elephants (Lair:3)
  4 cane toads
  A komodo dragon (Lair:1)
  A wind drake (Lair:6)
  A hornet (D:9)
  A polar bear (Lair:6)
  4 blink frogs
  A vampire (Abyss:1)
  A wyvern (Lair:3)
  9 yaks
  A steam dragon (D:9)
  A water moccasin (D:7)
  An orc warrior (D:9)
  3 black bears
  An ogre (D:7)
  2 centaurs (D:7)
  A kobold brigand (D:11)
  A gnoll sergeant (D:7)
  2 bullfrogs
  3 killer bees (D:7)
  A howler monkey (D:9)
  A wight (D:7)
  A centaur zombie (D:9)
  An orc priest (D:5)
  A hound (D:7)
  2 jellies
  A centaur skeleton (D:6)
  An orc wizard (D:6)
  2 gnolls (D:7)
  6 orcs
  A giant cockroach (D:2)
  2 kobolds
79 creatures vanquished.

Vanquished Creatures (others)
  A howler monkey (D:9)
  36 fungi
  55 plants
  2 starspawn tentacles (Abyss:2)
  A withered plant (D:6)
95 creatures vanquished.

Grand Total: 623 creatures vanquished

Notes
Turn   | Place    | Note
-------+----------+-------------------------------------------
     0 | D:1      | dolemite99 the Hill Orc Monk began the quest for the Orb.
     0 | D:1      | Reached XP level 1. HP: 19/19 MP: 1/1
   366 | D:1      | Reached XP level 2. HP: 26/26 MP: 2/2
   447 | D:1      | Reached skill level 5 in Axes
  1249 | D:1      | Found Maot's Armour Emporium.
  1371 | D:2      | Found a faded altar of an unknown god.
  1396 | D:2      | Reached XP level 3. HP: 3/31 MP: 3/3
  1973 | D:2      | Prayed at the altar of an unknown god.
  1973 | D:2      | Became a worshipper of Makhleb the Destroyer
  1973 | D:2      | Reached * piety under Makhleb
  1973 | D:2      | Reached ** piety under Makhleb
  2136 | D:2      | Reached *** piety under Makhleb
  2151 | D:2      | Reached skill level 6 in Axes
  2158 | D:2      | HP: 1/31 [poisoned by an adder]
  2180 | D:2      | Reached XP level 4. HP: 9/39 MP: 4/4
  2914 | D:2      | Found Xiurgh Gampoz's Armour Shoppe.
  3004 | D:1      | Bought a +0 cloak for 54 gold pieces
  3768 | D:3      | Noticed a water moccasin
  3797 | D:2      | Reached skill level 1 in Invocations
  4805 | D:3      | Reached skill level 7 in Axes
  4805 | D:3      | Reached XP level 5. HP: 38/45 MP: 6/6
  5479 | D:3      | Found a runed translucent gate.
  5480 | D:3      | Found a runed translucent gate.
  5481 | D:3      | Found a runed translucent gate.
  5483 | D:3      | Noticed Anonymone's ghost (weakling DsGl)
  5637 | D:1      | Bought a +0 pair of boots for 54 gold pieces
  6264 | D:4      | Noticed an ogre
  6268 | D:4      | Killed an ogre
  6269 | D:4      | Reached skill level 8 in Axes
  6269 | D:4      | Reached XP level 6. HP: 43/51 MP: 7/9
  6270 | D:4      | Reached **** piety under Makhleb
  6466 | D:4      | Identified the +2 short sword "Umiziapo" {vorpal, rElec
                  | rPois Will++}
  6949 | D:5      | Entered Level 5 of the Dungeon
  6989 | D:5      | Reached skill level 5 in Invocations
  6989 | D:5      | Reached XP level 7. HP: 55/57 MP: 10/10
  7154 | D:3      | Reached skill level 9 in Axes
  7607 | D:5      | Reached skill level 1 in Armour
  7814 | D:5      | Reached XP level 8. HP: 46/64 MP: 12/12
  8206 | D:5      | Noticed Dowan
  8206 | D:5      | Noticed Duvessa
  8219 | D:5      | Killed Duvessa
  8229 | D:5      | Killed Dowan
  8230 | D:5      | Reached skill level 5 in Armour
  9396 | D:5      | Noticed Menkaure
  9399 | D:5      | Killed Menkaure
  9400 | D:5      | Reached skill level 10 in Axes
  9931 | D:6      | Identified a scroll of acquirement
  9931 | D:6      | Acquired the +2 pair of gloves of Complete Protection
                  | {Will+}
 10286 | D:6      | Reached XP level 9. HP: 62/72 MP: 13/15
 10458 | D:6      | Reached skill level 11 in Axes
 10554 | D:6      | Found a shimmering altar of Xom.
 11927 | D:7      | Noticed a cyclops
 11935 | D:7      | Reached skill level 12 in Axes
 12165 | D:7      | Noticed Joseph
 12180 | D:7      | Killed Joseph
 12181 | D:7      | Reached skill level 13 in Axes
 12385 | D:7      | Found a runed translucent door.
 12387 | D:7      | Noticed Crazy Yiuf
 12487 | D:7      | Noticed Harold
 12503 | D:7      | Killed Harold
 12504 | D:7      | Reached skill level 14 in Axes
 12504 | D:7      | Reached XP level 10. HP: 76/80 MP: 17/17
 12566 | D:7      | Found a staircase to the Ecumenical Temple.
 12662 | D:7      | Reached skill level 15 in Axes
 12901 | D:7      | Killed a cyclops
 12902 | D:7      | Reached skill level 5 in Fighting
 13400 | D:7      | Killed Crazy Yiuf
 13569 | D:8      | Noticed a two-headed ogre
 13577 | D:8      | Noticed a two-headed ogre
 13579 | D:8      | Killed a two-headed ogre
 13596 | D:8      | HP: 1/83 [two-headed ogre (10)]
 13599 | D:8      | Killed a two-headed ogre
 14411 | D:8      | Reached XP level 11. HP: 71/92 MP: 18/18
 15582 | D:8      | Reached skill level 16 in Axes
 16060 | D:9      | Noticed a two-headed ogre
 16069 | D:9      | Paralysed by a hornet for 3 turns
 16086 | D:9      | Killed a two-headed ogre
 16669 | D:9      | Noticed a two-headed ogre
 16675 | D:9      | Killed a two-headed ogre
 16713 | D:10     | Entered Level 10 of the Dungeon
 17356 | D:10     | Noticed Nergalle
 17369 | D:10     | Killed Nergalle
 17372 | D:10     | Reached skill level 10 in Fighting
 17836 | D:10     | Noticed a two-headed ogre
 17845 | D:10     | Killed a two-headed ogre
 18013 | D:10     | Noticed a tengu warrior
 18517 | D:10     | Reached skill level 10 in Armour
 18686 | D:10     | Killed a tengu warrior
 19011 | D:10     | Reached XP level 12. HP: 107/108 MP: 19/19
 19076 | D:10     | Noticed a centaur warrior
 19118 | D:10     | Killed a centaur warrior
 19512 | D:11     | Reached skill level 1 in Bows
 19905 | D:11     | Noticed Maurice
 19999 | D:11     | Killed Maurice
 20717 | D:11     | Noticed a soul eater
 20971 | D:11     | Noticed a sun demon
 21575 | D:11     | Found a staircase to the Lair.
 21640 | Lair:1   | Entered Level 1 of the Lair of Beasts
 22373 | Lair:1   | Noticed a five-headed hydra
 22782 | Lair:1   | Killed a five-headed hydra
 23412 | Lair:1   | Noticed a six-headed hydra
 23420 | Lair:1   | Killed a six-headed hydra
 23421 | Lair:1   | Reached skill level 10 in Invocations
 23950 | Lair:2   | Reached skill level 1 in Evocations
 23950 | Lair:2   | Reached XP level 13. HP: 118/122 MP: 20/20
 24907 | Lair:2   | Reached skill level 5 in Evocations
 28017 | Lair:4   | Found a hole to the Spider Nest.
 28109 | Lair:4   | Reached ***** piety under Makhleb
 28187 | Lair:4   | Reached skill level 17 in Axes
 28455 | Lair:4   | Reached XP level 14. HP: 111/129 MP: 21/21
 30071 | Lair:5   | Found a staircase to the Slime Pits.
 30783 | Lair:5   | Reached skill level 18 in Axes
 30893 | Lair:5   | Reached skill level 1 in Shields
 31719 | Lair:5   | Found an iron altar of Okawaru.
 31983 | Lair:6   | Entered Level 6 of the Lair of Beasts
 32938 | Lair:6   | Reached skill level 1 in Slings
 34485 | Lair:6   | Reached XP level 15. HP: 113/139 MP: 23/23
 34940 | Lair:6   | Paralysed by a hornet for 1 turns
 35235 | Lair:6   | Reached skill level 5 in Slings
 36621 | D:12     | Found an opulent altar of Gozag.
 36695 | D:12     | Found a staircase to the Orcish Mines.
 36978 | D:12     | Found a transporter.
 36983 | D:12     | Found a corrupted altar of Lugonu.
 37115 | D:12     | Found a transporter.
 37158 | D:12     | Noticed Kirke
 37212 | D:11     | Killed Kirke
 37930 | D:12     | Noticed Frances
 38548 | D:12     | Cast into level 1 of the Abyss (red devil)
 38564 | Abyss:1  | Found a corrupted altar of Lugonu.
 38700 | Abyss:1  | Gained mutation: You do not regenerate when monsters are
                  | visible. [a neqoxec]
 38759 | Abyss:1  | HP: 2/139 [spatial maelstrom (7)]
 38810 | Abyss:2  | Noticed a tentacled starspawn
 38820 | Abyss:2  | Killed a tentacled starspawn
 38858 | Abyss:2  | Killed from afar by a soul eater

Illustrated notes

Levels and vault maps discovered:
D:1:      lemuel_arrival_room, layout_rooms, serial_shops, nicolae_shop_trees
D:2:      layout_rooms, serial_shops, shop,
          shapermc_ecumenical_altar_mp_ritualfount, minmay_surrounded
D:3:      layout_basic, gammafunk_ghost_necromancy, minivault_26,
          kennysheep_crisscross, st_stairs_8, chequers_hall_statues_y,
          minmay_unequal
D:4:      layout_basic
D:5:      layout_loops_ring, serial_glass, glass_columns_c, glass_columns_a,
          st_stairs_7, uniq_duvessa, uniq_menkaure
D:6:      layout_cave_pods, lemuel_round_altar,
          nicolae_ossuary_entry_false_entrances, serial_undead, serial_undead_b,
          serial_undead_c, serial_undead_f, serial_undead_b
D:7:      minmay_clustersquares, layout_loops_ring,
          minmay_temple_entry_proselytizer, uniq_crazy_yiuf_cottage,
          uniq_joseph, uniq_harold
D:8:      layout_loops_ring, kennysheep_small_spiral
D:9:      kennysheep_ambush_hall, layout_rooms
D:10:     layout_long_grid, grunt_ministairs_12, kennysheep_generic_room_10,
          uniq_nergalle
D:11:     layout_irregular_city, grunt_lair_entry_orc_guard_hut,
          gauntlet_entry_generic, uniq_maurice
D:12:     gammafunk_corrupted_shrine, layout_cave_pods,
          kennysheep_orc_monster_closet_entryway,
          nicolae_gozag_cash_rules_everything_around_me, uniq_frances,
          uniq_kirke
Lair:1:   layout_cave_pods, infiniplex_staircase_pool_2, serial_bayou_shore_a
Lair:2:   layout_chaotic_city, nicolae_swamp_entry_splash_gauntlet,
          chequers_serial_rivers_small_b, ldierk_geyser, kennysheep_rathole
Lair:3:   layout_regular_city, beast_lair_carwin_2
Lair:4:   layout_hall_layers, spider_nest_entry_a, gammafunk_lair_bear_cave
Lair:5:   layout_hall_layers, nicolae_slime_entry_slimehenge, basic_altar,
          nicolae_lair_lindhole
Lair:6:   gammafunk_lair_ancient_temple, layout_concentric_octagons
Abyss:2:  base: D:7, bh_abyss_xom_lugonu_altar, hangedman_abyss_or_decor_passed,
          hangedman_abyss_lost_library

Skill      XL: |  1  2  3  4  5  6  7  8  9 10 11 12 13 14 15 |
---------------+----------------------------------------------+-----
Axes           | 5 6 7 8 9 10 14 15 16 17 18 | 18.0
Invocations    | 1 4 5 6 8 9 10 11 | 11.0
Armour         | 3 5 7 10 12 | 12.5
Fighting       | 4 7 10 13 14 | 14.7
Bows           | 4 |  4.0
Evocations     | 1 9 |  9.8
Shields        | 4 |  4.0
Slings         | 4 7 |  7.4
Dodging        | |  2.4
Stealth        | |  1.5

Action                   |  1- 3 |  4- 6 |  7- 9 | 10-12 | 13-15 || total
-------------------------+-------+-------+-------+-------+-------++-------
Melee: Hand axe          |   112 |   113 |   143 |   147 |       ||   515
       Punch             |     1 |       |     5 |     7 |     7 ||    20
       Unarmed           |       |       |    15 |       |       ||    15
       War axe           |       |       |       |   229 |   129 ||   358
       Shortbow          |       |       |       |     1 |       ||     1
       Broad axe         |       |       |       |       |   498 ||   498
 Fire: Hunting sling     |       |    20 |    14 |     3 |   131 ||   168
       Shortbow          |       |       |       |   150 |   345 ||   495
Throw: Stone             |    31 |    12 |     8 |    10 |    31 ||    92
       Dart              |       |       |       |    15 |     2 ||    17
Invok: Minor Destruction |       |    34 |   122 |    90 |    88 ||   334
       Lesser Servant of |       |       |     9 |    27 |    33 ||    69
       Major Destruction |       |       |       |       |     4 ||     4
       Greater Servant o |       |       |       |       |     1 ||     1
Evoke: Wand              |       |       |       |    37 |    16 ||    53
  Use: Potion            |     5 |       |     1 |     1 |    11 ||    18
       Scroll            |       |     8 |     7 |     6 |    11 ||    32
 Stab: Distracted        |       |       |       |     2 |     6 ||     8
       Petrifying        |       |       |       |       |     1 ||     1
Armor: Robe              |    19 |       |       |       |       ||    19
       Leather armour    |    14 |     5 |       |       |       ||    19
       Skin              |    14 |     8 |     5 |       |       ||    27
       Chain mail        |       |    50 |     7 |       |       ||    57
       Plate armour      |       |       |   197 |   393 |   706 ||  1296
Dodge: Dodged            |    90 |    61 |    68 |   152 |   293 ||   664
Block: Buckler           |       |       |       |       |    89 ||    89
